 Dungeon Crawl Stone Soup version 0.22.0 (webtiles) character file.

3166 inmateoo the Basher (level 9, -2/57 HPs)
             Began as a Gargoyle Fighter on Aug 10, 2018.
             Was an Initiate of Gozag.
             Slain by an acid dragon (6 damage)
             ... on level 9 of the Dungeon.
             The game lasted 00:08:29 (6401 turns).

inmateoo the Basher (Gargoyle Fighter)              Turns: 6401, Time: 00:08:29

Health: -2/57      AC: 15    Str: 23    XL:     9   Next: 94%
Magic:  9/9        EV:  5    Int:  9    God:    Gozag
Gold:   278        SH: 11    Dex:  9    Spells: 8/8 levels left

rFire    . . .     SeeInvis +   q - +1 morningstar (venom)
rCold    + . .     Gourm    .   c - +0 shield
rNeg     + + .     Faith    .   a - +0 plate armour
rPois    ∞         Spirit   .   h - +2 hat {SInv}
rElec    +         Reflect  .   n - +0 cloak
rCorr    .         Harm     .   (no gloves)
MR       .....                  (no boots)
Stlth    ..........             (no amulet)
HPRegen  0.19/turn              B - ring of positive energy
MPRegen  0.11/turn              A - ring of protection from cold

@: corroded, very slightly contaminated, invisible
A: negative energy resistance 1, electricity resistance, unbreathing,
petrification resistance, rot immunity, AC +6
a: Potion Petition, Call Merchant, Bribe Branch, Renounce Religion


You were on level 9 of the Dungeon.
You worshipped Gozag.
Gozag was aware of your devotion.
You were not hungry.

You visited 2 branches of the dungeon, and saw 10 of its levels.

You collected 1021 gold pieces.
You spent 662 gold pieces at shops.
You paid 81 gold pieces to Gozag.

Inventory:

Hand Weapons
 q - a +1 morningstar of venom (weapon)
Armour
 a - a +0 plate armour (worn)
 c - a +0 shield (worn)
 h - a +2 hat of see invisible (worn)
 n - a +0 cloak (worn)
Jewellery
 A - a ring of protection from cold (right hand)
 B - a ring of positive energy (left hand)
Wands
 k - a wand of iceblast (4)
 t - a wand of random effects (26)
Scrolls
 d - 2 scrolls of blinking
 e - 3 scrolls of magic mapping
 g - 2 scrolls of teleportation
 i - 5 scrolls of amnesia
 p - a scroll of identify
 r - 3 scrolls of remove curse
 y - 3 scrolls of summoning
Potions
 j - 3 potions of curing
 m - a potion of haste
 v - a potion of magic
 E - a potion of ambrosia
Comestibles
 f - 10 rations


   Skills:
 + Level 7.4 Fighting
 * Level 8.9 Maces & Flails
 + Level 7.4 Armour
 + Level 7.4 Shields


You had 8 spell levels left.
You didn't know any spells.
Your spell library was empty.

Dungeon Overview and Level Annotations

Branches:
Dungeon (10/15)            Temple (1/1) D:4
   Lair: D:8-11         Orc: D:9-12

Altars:
Cheibriados
Dithmenos
Elyvilon
Fedhas
Gozag
Kikubaaqudgha
Makhleb
Nemelex Xobeh
Ru
Trog
Uskayaw
Vehumet
Wu Jian
Xom
Yredelemnul
Zin
The Shining One

Shops:
D:6 *

Annotations:
D:4 2 transporters
D:10 Harold


Innate Abilities, Weirdness & Mutations

You are resistant to torment.
Your stone body is resilient. (AC +6)
You are immune to poison.
You resist negative energy. (rN+)
You are resistant to electric shocks. (rElec)
You can survive without breathing.
You are immune to petrification.
You are immune to rotting.


Message History

You closely miss the acid dragon. The acid dragon spits acid at you.
The splash of acid hits you! The acid corrodes you!
You are splashed with acid!
The acid burns!
* * * LOW HITPOINT WARNING * * *
You are too injured to fight recklessly!
You hit the acid dragon but do no damage.
The acid dragon bites you but does no damage.
The acid dragon barely misses you.
Unknown command.
You fade into invisibility!
The acid dragon bites you but does no damage.
The acid dragon barely misses you.
You are very lightly contaminated with residual magic.
Unknown command.
Okay, then.
As you read the scroll of summoning, it crumbles to dust.
Wisps of shadow whirl around you... The acid dragon bites you.
You die...
Your body crumbles into a pile of gold.

......# #.##........
##....#### ........
........... ...........$
......#..####.#....
#####.##### o..... .
#.#.##. ......# #....#
#.#.##. ###...# #....#
#.#.##. .##.### # #ooY.#
#...... ......# #.#.Dl.#
###.### ......# #...@.o#
##.## .###..# ####.###
##...## .###..# ####.#
##.#.#.# ..##..##
#....#########.##....
_......#
#.#####......##.###.#
..####.#
###.#####.##.......#.##
.## .#
#.........##.#.##.#.## .#
......#.########.#.##.###
.# ######.#... #.#^.#.#


You could see an acid dragon, a friendly orc warrior, a friendly ice beast, a
friendly iguana, a friendly orc wizard and 2 friendly orcs.

Vanquished Creatures
  A troll (D:9)
  7 yaks
  3 orc warriors
  2 black bears
  An ice beast (D:5)
  A sky beast (D:9)
  A phantom (D:5)
  2 centaurs
  3 bullfrogs
  A wight (D:3)
  A crimson imp (D:7)
  4 orc priests
  A bullfrog skeleton (D:4)
  2 jellies
  5 orc wizards
  2 iguanas
  3 worker ants
  A howler monkey zombie (D:5)
  4 gnolls (D:5)
  10 adders
  A howler monkey skeleton (D:5)
  4 shadow imps
  An ooze (D:6)
  2 adder skeletons (D:4)
  2 worms
  2 dart slugs
  4 leopard geckos
  27 orcs
  4 bats
  7 giant cockroaches
  7 goblins
  9 hobgoblins
  11 jackals
  2 quokkas (D:3)
  2 ball pythons
  4 frilled lizards
  3 jackal skeletons
  4 kobolds
  6 rats
157 creatures vanquished.

Notes
Turn   | Place    | Note
-------+----------+-------------------------------------------
     0 | D:1      | inmateoo the Gargoyle Fighter began the quest for the Orb.
     0 | D:1      | Reached XP level 1. HP: 14/14 MP: 1/1
   229 | D:1      | Reached XP level 2. HP: 19/19 MP: 2/2
   892 | D:1      | Found an ornate altar of the Wu Jian Council.
  1028 | D:2      | Reached XP level 3. HP: 17/23 MP: 3/3
  1527 | D:2      | Reached skill level 3 in Maces & Flails
  1527 | D:2      | Reached XP level 4. HP: 20/29 MP: 4/4
  1971 | D:3      | Found a transporter.
  1973 | D:3      | Found a transporter.
  1974 | D:3      | Found a shimmering altar of Xom.
  1974 | D:3      | Noticed a centaur
  1974 | D:3      | Noticed a black bear
  1989 | D:3      | Reached XP level 5. HP: 30/33 MP: 5/5
  2657 | D:3      | Killed a centaur
  2657 | D:3      | Reached skill level 4 in Maces & Flails
  2657 | D:3      | Reached XP level 6. HP: 22/39 MP: 6/6
  2682 | D:3      | Killed a black bear
  2873 | D:4      | Reached XP level 7. HP: 40/44 MP: 7/7
  2901 | D:4      | Found a staircase to the Ecumenical Temple.
  2921 | Temple   | Entered the Ecumenical Temple
  2973 | Temple   | Became a worshipper of Gozag Ym Sagoz the Greedy
  3033 | D:4      | Found a transporter.
  3074 | D:4      | Found a transporter.
  3119 | D:4      | Reached skill level 5 in Maces & Flails
  3438 | D:4      | Reached skill level 5 in Armour
  3438 | D:4      | Reached skill level 5 in Shields
  3561 | D:4      | Reached skill level 5 in Fighting
  3705 | D:4      | Found a glowing silver altar of Zin.
  3850 | D:5      | Entered Level 5 of the Dungeon
  4004 | D:5      | Reached XP level 8. HP: 49/49 MP: 8/8
  4105 | D:5      | Reached skill level 6 in Maces & Flails
  4691 | D:6      | Found Zafir Ipn's General Store.
  5055 | D:6      | Bought a potion of heal wounds for 65 gold pieces
  5055 | D:6      | Bought a potion of ambrosia for 104 gold pieces
  5055 | D:6      | Bought a scroll of blinking for 97 gold pieces
  5055 | D:6      | Bought 3 scrolls of summoning for 370 gold pieces
  5055 | D:6      | Bought a scroll of identify for 26 gold pieces
  5383 | D:7      | You fall through a shaft for 3 floors!
  5383 | D:10     | Entered Level 10 of the Dungeon
  5383 | D:10     | Noticed a yak
  5383 | D:10     | Noticed a yak
  5386 | D:10     | Noticed a yak
  5395 | D:10     | Noticed a yak
  5399 | D:10     | Noticed a yak
  5399 | D:10     | Noticed a yak
  5405 | D:10     | Noticed a two-headed ogre
  5414 | D:10     | Reached skill level 7 in Maces & Flails
  5421 | D:10     | Killed a yak
  5426 | D:10     | Killed a yak
  5426 | D:10     | Reached XP level 9. HP: 12/56 MP: 9/9
  5430 | D:10     | Noticed Harold
  5483 | D:9      | Reached skill level 8 in Maces & Flails
  5698 | D:9      | Noticed a troll
  5716 | D:9      | Killed a troll
  6189 | D:9      | Found a radiant altar of Vehumet.
  6401 | D:9      | Slain by an acid dragon

Skill      XL: |  1  2  3  4  5  6  7  8  9 |
---------------+----------------------------+-----
Maces & Flails | 3 4 5 7 8 |  8.9
Armour         | 4 5 6 7 |  7.4
Shields        | 4 5 6 7 |  7.4
Fighting       | 4 5 6 7 |  7.4

Action                   |  1- 3 |  4- 6 |  7- 9 || total
-------------------------+-------+-------+-------++-------
Melee: Flail             |   111 |    97 |       ||   208
       Morningstar       |       |    80 |   383 ||   463
Evoke: Wand              |       |     4 |       ||     4
  Use: Potion            |       |     1 |     3 ||     4
       Scroll            |       |       |    17 ||    17
 Stab: Distracted        |       |       |     1 ||     1
  Eat: Chunk             |     1 |     5 |       ||     6
       Ration            |       |       |     4 ||     4
Armor: Scale mail        |    45 |   114 |   170 ||   329
       Plate armour      |       |       |    94 ||    94
       Chain mail        |       |       |     3 ||     3
Dodge: Dodged            |    28 |    67 |   102 ||   197
Block: Shield            |    57 |   117 |   241 ||   415
